AoeStats
← er_Dionis

Black Forest

509952287Analyzed
2v2 RM · 2d ago on Sep 28, 2026· 39m 2s· 4 players
Game mode
Random Map
Map size
Medium (4 player)
Population
200
Speed
Normal
Resources
Standard
Victory
Conquest
Starting age
Dark Age
Ending age
Imperial Age
RankedLock teamsTeams togetherTeam positionsShared explorationLock speedFull tech treeHidden civsTurbo modeCheats
Victory
Defeat
🇪🇸 Japanese · Spain
595
+12
🇪🇸 Chinese · Spain
554
+14
🇳🇱 Burgundians · Netherlands
548
-15
🇪🇸 Chinese · Spain
469
-11
er_Dionis
0:33 Loom
13:18 Feudal Age
14:44 Double-Bit Axe
15:53 Horse Collar
18:44 Castle Age
17:26 Man-at-Arms
20:33 Bow Saw
21:55 Heavy Plow
21:22 Long Swordsman
22:05 Elite Skirmisher
25:03 Yasama
37:01 Imperial Age
jbeacen2
0:38 Loom
18:12 Feudal Age
20:29 Horse Collar
20:38 Double-Bit Axe
20:48 Gold Mining
20:50 Stone Mining
24:07 Castle Age
25:44 Bow Saw
25:37 Heavy Plow
26:16 Stone Shaft Mining
26:22 Gold Shaft Mining
25:30 Pikeman
26:12 Squires
29:22 Padded Archer Armor
29:13 Fletching
31:02 Wheelbarrow
32:09 Arson
33:12 Leather Archer Armor
34:28 Hand Cart
35:13 Ballistics
36:05 Bodkin Arrow
39:16 Imperial Age
IggyGoya
0:41 Loom
2:08 Wheelbarrow
12:39 Double-Bit Axe
19:29 Feudal Age
20:20 Bow Saw
20:29 Hand Cart
20:00 Horse Collar
21:29 Gold Mining
23:04 Gold Shaft Mining
22:39 Heavy Plow
27:16 Castle Age
27:11 Caravan
29:46 Cavalier
dr7659970
14:08 Feudal Age
16:35 Double-Bit Axe
17:31 Horse Collar
21:06 Wheelbarrow
25:06 Castle Age
25:12 Forging
24:52 Fletching
25:03 Padded Archer Armor
24:52 Arson
25:19 Gold Mining
25:31 Stone Mining
27:02 Heavy Plow
27:49 Fortified Wall
32:13 Bow Saw
32:05 Murder Holes
33:59 Husbandry
38:15 Elite Skirmisher
41:51 Imperial Age
Connection lost

Rejoining the realm…

Still unreachable

The connection could not be restored.

Session expired

The server has moved on; the page needs a fresh start.